 Dungeon Crawl Stone Soup version 0.19-a0 (webtiles) character file.

1374 varam the Skirmisher (level 8, -1/52 HPs)
             Began as a Gargoyle Gladiator on Apr 27, 2016.
             Was an Initiate of Okawaru.
             Killed by nerve-wracking pain
             ... invoked by Menkaure
              (5 damage)
             ... on level 5 of the Dungeon.
             The game lasted 00:32:21 (6334 turns).

varam the Skirmisher (Gargoyle Gladiator)           Turns: 6334, Time: 00:32:22

Health: -1/52      AC: 21    Str: 20    XL:     8   Next: 66%
Magic:  8/8        EV:  7    Int: 10    God:    Okawaru [......]
Gold:   267        SH:  0    Dex: 10    Spells: 0 memorised, 7 levels left

rFire  . . .     SeeInvis .     n - +0 whip (pain)
rCold  + . .     Gourm    .     r - +0 plate armour
rNeg   + . .     Faith    .     (no shield)
rPois  ∞         Spirit   .     y - +0 helmet
rElec  +         Dismiss  .     (no cloak)
rCorr  .         Reflect  .     (no gloves)
SustAt .         Harm     .     (no boots)
MR     .....                    (no amulet)
Stlth  ..........               w - +2 ring of protection
                                t - ring of protection from cold

@: not resistant to hostile enchantments, extremely unstealthy
A: negative energy resistance 1, electricity resistance, unbreathing,
petrification resistance, rot immunity, AC +5
a: Renounce Religion


You were on level 5 of the Dungeon.
You worshipped Okawaru.
Okawaru was noncommittal.
You were hungry.

You visited 1 branch of the dungeon, and saw 6 of its levels.
You also visited: Sewer.

You collected 267 gold pieces.

Inventory:

Hand Weapons
 a - a +0 quarterstaff
 j - a +1 whip of draining
 n - a +0 whip of pain (weapon)
Missiles
 d - 3 throwing nets (quivered)
Armour
 b - a +0 leather armour
 c - a +0 helmet
 r - a +0 plate armour (worn)
 y - a +0 helmet (worn)
 A - a cursed -1 chain mail
Jewellery
 t - a ring of protection from cold (left hand)
 w - a +2 ring of protection (right hand)
Scrolls
 g - 2 scrolls of teleportation
 h - 6 scrolls of identify
 i - 3 scrolls of remove curse
 l - 3 scrolls of enchant armour
 q - 2 scrolls of fear {unknown}
 D - a scroll of fog {unknown}
Potions
 e - a potion of lignification {unknown}
 k - a potion of degeneration {unknown}
 m - a potion of berserk rage {unknown}
 o - 2 potions of invisibility {unknown}
 p - 3 potions of curing {unknown}
 u - 2 potions of might {unknown}
 v - a potion of haste
 x - a potion of brilliance {unknown}
 B - a potion of ambrosia {unknown}
 C - 2 potions of heal wounds {unknown}
Comestibles
 f - 4 bread rations
 s - 6 chunks of flesh
 z - a meat ration


   Skills:
 + Level 6.8 Fighting
 + Level 5.2(5.8) Maces & Flails
 - Level 3.7(5.0) Staves
 - Level 1.7 Throwing
 + Level 6.4 Armour
 - Level 2.4 Dodging


You had 7 spell levels left.
You didn't know any spells.

Dungeon Overview and Level Annotations

Branches:
Dungeon (6/15)             Temple (0/1) D:5

Altars:
Gozag
Nemelex Xobeh
Okawaru
The Shining One

Annotations:
D:4 Eustachio
D:5 Menkaure


Innate Abilities, Weirdness & Mutations

You are resistant to torment.
Your stone body is resilient (AC +5).
You are immune to poison.
You resist negative energy.
You are resistant to electric shocks.
You can survive without breathing.
You are immune to petrification.
You are immune to rotting.


Message History

You are feeling hungry.
Menkaure mumbles some strange words.
Menkaure seems to speed up.
A giant newt comes into view.
Menkaure's bandages flutter.
Menkaure calls on the powers of darkness!
Your body is wracked with pain!
Menkaure hits you. Menkaure hits you!
The giant newt bites you but does no damage.
Menkaure points at you and mumbles some strange words.
Pain shoots through your body!
The giant newt hisses menacingly.
Menkaure closely misses you. Menkaure casts a spell at you.
Pain shoots through your body!
* * * LOW HITPOINT WARNING * * *
Menkaure hums drily.
Menkaure points at you and mumbles some strange words.
Pain shoots through your body!
You die...

##.#### #.#.#..*#.#.......#.###
##....# #?.#*#.##.##...........
....#.# #÷#####...##.####.#.###
###.#.# ##....)##.##.# #.#.# *
#.#.# ###.....##.##.####.#.###
#.#.# ##..<.......##...........
#.#.###.......<.#.....§.....###
#...............#########.#.#
###......#)...@## #.#.#
#####.##.....# #.#.#
********#.##.###M##########.#.#
,,...........##..l.l........#.###
**#######.#####..######..........
* #.#***#..# #.####.#### *
#..,,*#..# #l#*.....*# *
*#.#**,#..# #.#.......# * **.##
**...# #.#.......#


You could see Menkaure and a giant newt.

Vanquished Creatures
  An ice beast (D:4)
  A sky beast (D:4)
  6 big kobolds (Sewer)
  Blork the orc (D:3)
  A giant frog (D:6)
  A scorpion (D:6)
  A crimson imp (D:6)
  A hound (D:6)
  4 orc wizards
  2 giant frog skeletons
  2 worker ants
  The ghost of Loki the Grave Robber, a weakling OpNe (D:3)
  5 gnolls
  3 river rats (Sewer)
  10 adders
  4 oozes
  3 worms
  2 dart slugs
  3 giant geckos
  5 orcs (D:5)
  6 ball pythons
  10 bats
  10 giant cockroaches
  6 goblins
  8 hobgoblins
  6 jackals
  3 quokkas (D:4)
  7 giant newts
  A jackal skeleton (D:5)
  21 kobolds
  15 rats
150 creatures vanquished.

Notes
Turn   | Place    | Note
--------------------------------------------------------------
     0 | D:1      | varam the Gargoyle Gladiator began the quest for the Orb.
     0 | D:1      | Reached XP level 1. HP: 12/12 MP: 1/1
   127 | D:1      | Reached XP level 2. HP: 18/18 MP: 2/2
   222 | D:1      | Reached skill level 1 in Armour
   486 | D:1      | Reached XP level 3. HP: 23/23 MP: 3/3
   847 | D:2      | Reached XP level 4. HP: 21/28 MP: 4/4
  1486 | D:3      | Noticed Loki's ghost (weakling OpNe)
  1497 | D:3      | Killed Loki's ghost
  2085 | D:3      | Reached XP level 5. HP: 23/32 MP: 5/5
  2389 | D:3      | Found an opulent altar of Gozag.
  2426 | D:3      | Reached skill level 1 in Maces & Flails
  2794 | D:4      | Found a sparkling altar of Nemelex Xobeh.
  2794 | D:4      | Noticed Blork the orc
  2813 | D:3      | Killed Blork the orc
  2813 | D:3      | Reached XP level 6. HP: 19/38 MP: 6/6
  3244 | D:4      | Found a glowing drain.
  3261 | Sewer    | Entered a sewer
  3588 | Sewer    | Reached XP level 7. HP: 42/44 MP: 7/7
  3766 | Sewer    | Reached skill level 5 in Fighting
  4162 | Sewer    | Reached skill level 5 in Armour
  4363 | D:4      | Noticed Eustachio
  4467 | D:5      | Entered Level 5 of the Dungeon
  4752 | D:5      | Found a glowing golden altar of the Shining One.
  4753 | D:5      | Noticed Menkaure
  4986 | D:4      | Reached XP level 8. HP: 31/51 MP: 8/8
  6224 | D:6      | Reached skill level 5 in Maces & Flails
  6256 | D:6      | Found an iron altar of Okawaru.
  6262 | D:6      | Became a worshipper of Warmaster Okawaru
  6334 | D:5      | Killed from afar by Menkaure

Vault maps used:
D:1:      kilobyte_arrival_exit_the_forest
D:2:      minmay_unequal
D:3:      first_bread, minmay_fountain_box,
          nicolae_gozag_cash_rules_everything_around_me
D:4:      nemelex_xobeh_ov_fountains_minmay, gup_sewer_entry_bubbles,
          uniq_blork_the_orc, uniq_eustachio
D:5:      old_standard_altar, minmay_temple_entry_enclosed_plants, uniq_menkaure
D:6:      minmay_goblin_kobold_castle, okawaru_ov_weapons_minmay, uniq_grinder
Sewer:    sewer_co_tree

Skill      XL: |  1  2  3  4  5  6  7  8 |
---------------+-------------------------+-----
Armour         | 1 2 3 4 5 6 |  6.4
Fighting       | 3 4 6 |  6.8
Maces & Flails | 1 2 4 5 |  5.2
Staves         | |  3.7
Throwing       | |  1.7
Dodging        | |  2.4

Action                   |  1- 3 |  4- 6 |  7- 9 || total
-------------------------+-------+-------+-------++-------
Melee: Quarterstaff      |    40 |    18 |       ||    58
       Whip              |    48 |   413 |   663 ||  1124
  Use: Scroll            |       |     5 |     1 ||     6
  Eat: Chunk             |       |     9 |     7 ||    16
       Royal jelly       |       |       |     1 ||     1
       Pizza             |       |       |     1 ||     1
Armor: Leather armour    |    27 |     3 |       ||    30
       Plate armour      |       |   279 |   534 ||   813
Dodge: Dodged            |    61 |   128 |   210 ||   399
